Cogmind - Beta 13 X2 @@@ ROGUE MODE // 2023.12.26 @ 23:15:21 Player: f3-rnm Result: Destroyed by QH-C9R(R) with Subdweller Beam Cannon Performance ------------- Evolutions (0) 0 Regions Visited (2) 400 Robots Destroyed (25) 125 Value Destroyed (865) 865 Prototype IDs (0) 0 Alien Tech Used (0) 0 Bonus (0) 0 TOTAL SCORE: 1390 Bonus ------- None Cogmind --------- Core Integrity 0/250 Matter 156/300 Energy 100/100 System Corruption 7% Temperature Cool (9) Movement Treading (160) Location -10/Subcaves Parts ------- > --- POWER (1) -------- (None) > --- PROPULSION (2) --- Light Treads Light Treads > --- UTILITY (2) ------ Scrap Shield > --- WEAPON (2) ------- Autogun Battle Cannon > --- INVENTORY (5) ---- Light Nuclear Core Spiked Treads Autogun Grenade Launcher Peak State ------------ > --- POWER ------------ Light Ion Engine > --- PROPULSION ------- Light Treads Light Treads > --- UTILITY ---------- Scrap Shield > --- WEAPON ----------- Autogun Autogun > --- INVENTORY -------- Light Treads Light Treads Compact Wheel Large Matter Pod Grenade Launcher [Rating: 11] Favorites ----------- Power Light Ion Engine Engine Light Ion Engine Propulsion Light Treads Treads Light Treads Utility Scrap Shield Storage Small Storage Unit Protection Scrap Shield Weapon Autogun Ballistic Gun Autogun Ballistic Cannon Light Cannon Build | -11 -10 -10 ------- Run | Yrd Mat Sub Slots Evolved . | . . . Power . | . . . Propulsion . | . . . Utility . | . . . Weapon . | . . . Parts Attached 17 | 4 6 7 Power 3 | 1 1 1 Engine 3 | 1 1 1 Core . | . . . Reactor . | . . . Propulsion 5 | 2 . 3 Treads 5 | 2 . 3 Leg . | . . . Wheel . | . . . Hover . | . . . Flight . | . . . Utility 3 | 1 1 1 Device . | . . . Storage 2 | 1 1 . Processor . | . . . Hackware . | . . . Protection 1 | . . 1 Artifact . | . . . Weapon 6 | . 4 2 Energy Gun . | . . . Energy Cannon . | . . . Ballistic Gun 3 | . 2 1 Ballistic Cannon 3 | . 2 1 Launcher . | . . . Special Weapon . | . . . Impact Weapon . | . . . Slashing Weapon . | . . . Piercing Weapon . | . . . Special Melee Weapon . | . . . Unidentified Prototypes . | . . . Parts Lost 4 | . . 4 Power 2 | . . 2 Propulsion 1 | . . 1 Utility . | . . . Weapon 1 | . . 1 Highest Loss Streak 2 | . . 2 To Critical Strikes . | . . . Average Slot Usage (%) 84 | . 83 84 Engine 13 | . 14 13 Treads 27 | . 28 27 Storage 5 | . 14 . Protection 7 | . . 13 Ballistic Gun 16 | . 13 18 Ballistic Cannon 10 | . 13 9 Naked Turns . | . . . Heaviest Build 29 | 8 29 29 Greatest Support 40 | 40 40 40 Greatest Overweight (x) . | . . . Average Overweight (x) . | . . . Largest Inventory Capacity 15 | 8 15 15 Average Capacity 6 | 7 8 5 Most Carried 11 | 5 11 11 Average Carried 5 | 3 7 4 Final Capacity 15 | 8 15 5 Final Carried 11 | 4 11 4 Class Distribution -------------------- 100% | Mutant Dominant Class ---------------- Mutant | -10/Materials Mutant | -10/Subcaves Resources | -11 -10 -10 ----------- Run | Yrd Mat Sub Matter Collected 1231 | 240 312 679 Remotely . | . . . Salvage Created 870 | . 340 530 Parts 58 | . 26 32 Haulers Intercepted 1 | . 1 . Recyclers Shooed . | . . . Parts Field Recycled . | . . . Retrieved Matter . | . . . Parts Self-Destructed 5 | . . 5 Prevented . | . . . Kills | -11 -10 -10 ------- Run | Yrd Mat Sub Combat Hostiles Destroyed 21 | . 7 14 Guns 11 | . 3 8 Cannons 10 | . 4 6 Classes Destroyed 6 | . 5 1 Builder 1 | . 1 . Tunneler 1 | . 1 . Hauler 1 | . 1 . Watcher 1 | . 1 . Grunt 9 | . 7 2 Subdweller 12 | . . 12 Best Kill Streak 4 | . 2 4 Combat Bots Only 4 | . 2 4 Max Kills in Single Turn 1 | . 1 1 Gunslinging . | . . . Exploded . | . . . Melee . | . . . Uniques/NPCs Destroyed . | . . . Combat | -11 -10 -10 -------- Run | Yrd Mat Sub Hostile Shots Fired 100 | . 22 78 Missed 30 | . 9 21 Damage Taken 1375 | . 145 1230 Core 251 | . 11 240 Absorbed by Shields . | . . . Core Remaining (%) 100 | 100 . . Volleys Fired 103 | . 24 79 Largest 2 | . 2 2 Hottest 62 | . 58 62 Shots Fired 200 | . 48 152 Gun 105 | . 24 81 Cannon 95 | . 24 71 Launcher . | . . . Special . | . . . Kinetic 200 | . 48 152 Thermal . | . . . Explosive . | . . . Electromagnetic . | . . . Robot Hit Streak 24 | . 13 24 Robot Miss Streak 3 | . 3 2 Penetration Max . | . . . Secondary Targets 1 | . . 1 Max Gunslinging Chain 1 | . . 1 Shots Hit Robots 129 | . 34 95 Core Hits 42 | . 17 25 Critical Kills 3 | . 1 2 Critical Parts Destroyed 1 | . . 1 Critical Strikes 8 | . 3 5 Destroy 4 | . 1 3 Blast 4 | . 2 2 Melee Attacks . | . . . Impact . | . . . Slashing . | . . . Piercing . | . . . Sneak Attacks . | . . . Combat Hostiles . | . . . Follow-up Attacks . | . . . Damage Inflicted 2098 | . 534 1564 Guns 1065 | . 252 813 Cannons 1033 | . 282 751 Explosions . | . . . Melee . | . . . Ramming . | . . . Kinetic 2098 | . 534 1564 Thermal . | . . . Explosive . | . . . Electromagnetic . | . . . Impact . | . . . Slashing . | . . . Piercing . | . . . Highest Corruption 7 | . 7 7 Average Corruption 6 | . 6 7 Corruption Purged . | . . . Corruption Blocked . | . . . Effects 62 | . 16 46 Message Errors 17 | . 6 11 Matter Fused 14 | . 5 9 Heat Flow Errors 11 | . 2 9 Energy Discharges 5 | . 2 3 Data Loss (minor) 6 | . 1 5 Data Loss (major) 2 | . . 2 Misfires 3 | . . 3 Alerts 3 | . . 3 Weapon Failures 1 | . . 1 Overload Shots . | . . . Overflow Damage . | . . . Projectiles . | . . . Explosions . | . . . Melee . | . . . Knockbacks 8 | . . 8 Impact . | . . . Kinetic 8 | . . 8 Secondary . | . . . Self-Inflicted Damage . | . . . Shots . | . . . Rammed . | . . . Targets Rammed . | . . . Kicked . | . . . Crushed . | . . . Highest Temperature 237 | . 142 237 Average Temperature 52 | . 22 83 Received Heat Transfer 399 | . 81 318 Siege Activations . | . . . Robots Corrupted . | . . . Combat Hostiles . | . . . Parts Fried . | . . . Impact Corruptions . | . . . Robots Melted . | . . . Combat Hostiles . | . . . Parts Melted . | . . . Heat Transferred . | . . . Parts Sabotaged . | . . . Parts Stolen . | . . . Parts Stripped . | . . . Power Chain Reactions . | . . . Missiles Intercepted . | . . . Alert | -11 -10 -10 ------- Run | Yrd Mat Sub Peak Influence 112 | . 112 . Initial . | . . . Average 46 | . 49 . Maximum Alert Level . | . . . Low Security (%) 100 | 100 100 . Level 1 . | . . . Level 2 . | . . . Level 3 . | . . . Level 4 . | . . . Level 5 . | . . . High Security . | . . . Max Security . | . . . Squads Dispatched 2 | . 2 . Investigation . | . . . Extermination . | . . . Reinforcement 2 | . 2 . Assault . | . . . Garrison . | . . . Intercept . | . . . Searches Triggered . | . . . Construction Impeded . | . . . Haulers Reinforced . | . . . Active Scanning Responses . | . . . Cargo Convoy Interrupts . | . . . Stealth | -11 -10 -10 --------- Run | Yrd Mat Sub Distress Signals 1 | . 1 . Communications Jammed . | . . . Distress Signals . | . . . Times Spotted 34 | . 15 19 Peak Tracking Total 4 | . 4 3 Tactical Retreats 2 | . . 2 Traps | -11 -10 -10 ------- Run | Yrd Mat Sub Traps Triggered 6 | . 6 . Indirectly . | . . . Trap Hack Attempts . | . . . Triggered . | . . . Disarmed . | . . . Reprogrammed . | . . . Reused . | . . . Traps Extracted . | . . . Installed 1 | . . 1 Triggered . | . . . Machines | -11 -10 -10 ---------- Run | Yrd Mat Sub Machines Disabled 1 | . 1 . Max in Single Turn 1 | . 1 . Machines Repaired . | . . . Machines Dismantled . | . . . Machines Sabotaged . | . . . Overloaded Fab Kills . | . . . Hacking | -11 -10 -10 --------- Run | Yrd Mat Sub Machines Accessed 1 | . 1 . Terminals 1 | . 1 . Fabricators . | . . . Repair Stations . | . . . Recycling Units . | . . . Scanalyzers . | . . . Garrison Access . | . . . Total Hacks 3 | . 3 . Successful 3 | . 3 . Failed . | . . . Catastrophic . | . . . Database Lockouts . | . . . Manual 3 | . 3 . Terminals 3 | . 3 . Fabricators . | . . . Repair Stations . | . . . Recycling Units . | . . . Scanalyzers . | . . . Garrison Access . | . . . Terminal Hacks 3 | . 3 . Robot Analysis 2 | . 2 . Alert Level 1 | . 1 . Fabricator Hacks . | . . . Repair Station Hacks . | . . . Recycling Unit Hacks . | . . . Scanalyzer . | . . . Garrison Access Hacks . | . . . Unauthorized Hacks . | . . . Terminals . | . . . Fabricators . | . . . Repair Stations . | . . . Recycling Units . | . . . Scanalyzers . | . . . Garrison Access . | . . . Data Cores Recovered . | . . . Used . | . . . Hacking Detections 1 | . 1 . Full Trace Events . | . . . Feedback Events . | . . . Feedback Blocked . | . . . Robot Schematics Acquired . | . . . Robots Built . | . . . Authchips . | . . . Time . | . . . Total Robot Build Rating . | . . . Part Schematics Acquired . | . . . Parts Built . | . . . Authchips . | . . . Time . | . . . Total Part Build Rating . | . . . Parts Repaired . | . . . Time . | . . . Parts Recycled . | . . . Recycled Matter . | . . . Retrieved Matter . | . . . Retrieved Components . | . . . Parts Scanalyzed . | . . . Part Schematics Acquired . | . . . Parts Damaged . | . . . Bothacking | -11 -10 -10 ------------ Run | Yrd Mat Sub Used RIF Installer . | . . . Robots Hacked . | . . . Non-combat . | . . . Combat . | . . . Robot Hacks Applied . | . . . Relay Couplers Released . | . . . Fabnet Peak Effective % . | . . . Robots Rewired . | . . . Allies Hacked . | . . . Hacks Repelled . | . . . Allies | -11 -10 -10 -------- Run | Yrd Mat Sub Total Allies . | . . . Largest Group . | . . . Highest-Rated Group . | . . . Highest-Rated Ally . | . . . Total Orders . | . . . Ally Attacks . | . . . Total Damage . | . . . Kills . | . . . Allies Corrupted . | . . . Allies Melted . | . . . Intel | -11 -10 -10 ------- Run | Yrd Mat Sub Robot Analysis Total 2 | . 2 . Derelict Logs Recovered 1 | . . 1 Drone Launches . | . . . Drone Recoveries . | . . . Exploration | -11 -10 -10 ------------- Run | Yrd Mat Sub Turns Passed 2907 | 82 1101 1724 Spaces Moved 1501 | 57 522 922 Core 18 | 18 . . Treads 1483 | 39 522 922 Legs . | . . . Wheels . | . . . Hover . | . . . Flight . | . . . Fastest Speed 50 | 50 160 160 Average Speed 158 | 125 160 160 Slowest Speed 160 | 160 160 160 Overloaded Moves . | . . . Propulsion Burnouts . | . . . Robots Hopped . | . . . Cave-ins Triggered . | . . . Exploration Rate (%) 45 | 4 70 61 Regions Visited 2 Branch Regions 1 Pre-discovered Areas . | . . . Known Exits Taken . | . . . Unknown Exits Taken 2 | 1 1 . Scrap Searched 10 | . . 10 Spaces Dug . | . . . Terrain Destroyed . | . . . Melee . | . . . Projectile . | . . . AOE . | . . . Terrain Rammed . | . . . Walls Destroyed . | . . . Machines Disabled . | . . . Actions | -11 -10 -10 --------- Run | Yrd Mat Sub Total 1849 | 68 741 1040 Wait 189 | . 175 14 Move 1499 | 56 521 922 Hop . | . . . Pick Up 24 | 8 11 5 Fast Attach 5 | . 4 1 Attach 11 | 4 2 5 Detach . | . . . Swap 1 | . . 1 Drop 10 | . 4 6 Fire 103 | . 24 79 Melee . | . . . Ram . | . . . Kick . | . . . Crush . | . . . Escape Stasis . | . . . Rewire . | . . . Trap 1 | . . 1 Miscellaneous 6 | . . 6 Route ------- -11/Scrapyard -10/Materials (discovered 3 exits: [*Mat x2] / [*Sub]) -10/Subcaves (discovered 2 exits: [*Mat x2]) History --------- Turn | Location | Event 10 | -11/Scrapyard | Discovered new exit (range 15) 83 | -11/Scrapyard | Entered Materials 301 | -10/Materials | Build established: Mutant 392 | -10/Materials | Discovered new exit (range 8) 695 | -10/Materials | Discovered new exit (range 8) 1025 | -10/Materials | Discovered new exit (range 12) 1184 | -10/Materials | Entered Subcaves 1192 | -10/Subcaves | Learned Materials terminal intel 1223 | -10/Subcaves | A Subdweller sparked back to life 1223 | -10/Subcaves | A Subdweller sparked back to life 1223 | -10/Subcaves | A Subdweller sparked back to life 1251 | -10/Subcaves | Core integrity fell below 50% 1820 | -10/Subcaves | Shifting Twisted Machinery released Battle Cannon 1822 | -10/Subcaves | Shifting Twisted Machinery released Mak. Light Armor Plating 1979 | -10/Subcaves | A swath of the cavern ceiling suddenly collapsed 2145 | -10/Subcaves | Discovered new exit (range 12) 2728 | -10/Subcaves | A swath of the cavern ceiling suddenly collapsed 2840 | -10/Subcaves | Discovered new exit (range 12) 2877 | -10/Subcaves | Disturbed a concealed Subdweller 2892 | -10/Subcaves | Disturbed a concealed Subdweller 2895 | -10/Subcaves | Core integrity fell below 20% 2908 | -10/Subcaves | Destroyed by QH-C9R(R) with Subdweller Beam Cannon Last Messages --------------- 02873_ Acquired 17 matter. 02874_ Searching scrap... 02874_ Found Sub. Machine Gun. 02874_ Found 27 Matter. 02875_ Acquired 27 matter. 02876_ Searching scrap... 02876_ Found Sub. Beam Cannon. 02876_ Found Sub. Power Source. 02876_ Found 13 Matter. 02877_ QH-C9R(R) angrily emerges from the Twisted Machinery. 02877_ Acquired 13 matter. 02880_ QH-C9R(R) knocked back. 02882_ Lgt. Treads destroyed. 02892_ 44-628(R) angrily emerges from the Twisted Machinery. 02896_ Critical hit (Destroy). 02896_ QH-C9R(R) affixes Scrap Shield Fragment to Scrap Shield. 02898_ 44-628(R) destroyed. 02900_ System corrupted: Heat flow error (+106). 02901_ QH-C9R(R) affixes Scrap Shield Fragment to Scrap Shield. 02902_ Lgt. Ion Engine destroyed. Map ----- +----------------------------------------------------+ | ?????????????????????????????????????????????????? | | ?????????????????????????????????????????????????? | | ?????????????????????????????????????????????????? | | ?????????????????????????????????????????????????? | | ?????????????????????????????????????????????????? | | ?????????????????????????????????????????????????? | | ?????????????????????????????????????????????????? | | ???????????????????????????####??????????????????? | | ???????????????????????????# ??????????????????? | | ??????????????????????????? < ??????????????????? | | ??????????????????????????? #??????????????????? | | ??????????????????????????? #??????????????????? | | ??????????????????????????## ##?????????????????? | | ??????????????????????????# #?????????????????? | | ??????????????????????????# #?????????????????? | | ??????????????????????????# ##?????????????????? | | ??????????????????????????## #?????????????????? | | ??????????????????????????# #?????????????????? | | ??????????????????????????## #?????????????????? | | ???????????????????????????# ####???????????????? | | ??????????????????????????## # ##??????????????? | | ?????????????????????###### #??????????????? | | ????????????????????## # ##??????????????? | | ????????????????????# #[# ##??????????????? | | ??????????????????????#%*<## #??????????????? | | ??????????????????????#<[@R# #??????????????? | | ??????????????????????#<$]<# ##??????????????? | | ??????????????????????#%[%## ##???????????????? | | ????????????????????# ! ### ##????????????????? | | ????????????????????# #?????????????????? | | ????????????????????######### #?????????????????? | | ????????????????????????????# #?????????????????? | | ????????????????????????????# #?????????????????? | | ????????????????????????????# ##????????????????? | | ????????????????????????????# #????????????????? | | ????????????????????????????## #????????????????? | | ??????????????????###?###???# ##????????????????? | | ?????????????????## ### #??### #?????????????????? | | ???????????????### #?## # #?????????????????? | | ???????????????# ##?# #?????????????????? | | ?????##????????# #??# ##?????????????????? | | ????## ???????# #??## ##?????????????????? | | ???## ??????# #??## #?????????????????? | | ??## ######?## #### ##?????????????????? | | ??# #""#"#### ## ##?????????????????? | | ??# #""##"# ###???????????????? | | ????# #""##"# % ""#???????????????? | | ??# #! #"#"## " ##??????????????? | | ?????#!%??###"## ## ###????????????? | | ???""*?????###" ### "#????????????? | +----------------------------------------------------+ Best States ------------- Heat Dissipation 25 Energy Generation 10 Energy Capacity 125 Matter Stores 300 Matter Capacity 300 Sight Range 16 Terrain Scan Density 10 Armor Coverage 800 Evasion (%) 50 Recoil Reduction 2 Item Schematics ----------------- None Robot Schematics ------------------ None Fabricated ------------ Nothing Alien Tech Used ----------------- None Achievements -------------- None Challenges ------------ None Game ------ Seed SpreadHypervelocityBattery Manual? 0 Play Time 00:17:23 Cumulative 135.5 hours Start 2023.12.26 @ 22:55:05 End 2023.12.26 @ 23:15:21 Sessions 1 Manual Loads 0 Difficulty Rogue Special Mode None Game No. 155 Rogue 119 Adventurer 36 Explorer 0 Win Type - Total 8 Types 2/0/6/0/0/0/0/0/0 Lore% 54 Gallery% 77 Achievement% 64 Wizard Run 0 Options --------- ASCII 0 Keyboard 0 Movement Mouse Keybinds 0 Fullscreen 1 Font 18/SmallcapsGlow Map View 76x50 Zoom Use 0% Tactical HUD 1 Map Filters NONE Filters NONE Steam 1 RUN: 2d05aec2-bdaa-4b5c-839d-829112f1162c